 Dungeon Crawl Stone Soup version 0.28-a0-199-g298df9dbad (webtiles) character file.

Game seed: 9130935119740896380

86 bande the Shield-Bearer (level 4, -2/29 HPs)
             Began as a Gargoyle Fighter on Aug 20, 2021.
             Slain by an orc wizard (4 damage)
             ... on level 2 of the Dungeon.
             The game lasted 00:04:14 (2334 turns).

bande the Shield-Bearer (Gargoyle Fighter)          Turns: 2334, Time: 00:04:15

Health: -2/29      AC: 10    Str: 19      XL:     4   Next: 50%
Magic:  4/4        EV:  7    Int:  9      God:
Gold:   71         SH:  7    Dex:  7 (10) Spells: 3/3 levels left

rFire   . . .      SeeInvis .   a - +1 war axe
rCold   . . .      Faith    .   c - +0 kite shield
rNeg    + . .      Spirit   .   b - +0 scale mail
rPois   ∞          Reflect  .   (no helmet)
rElec   +          Harm     .   (no cloak)
rCorr   .          Rampage  .   (no gloves)
Will    .....                   (no boots)
Stlth   ..........              (no amulet)
HPRegen 0.09/turn               (no ring)
MPRegen 0.09/turn               (no ring)

@: no status effects
A: sickness immunity, AC +3, negative energy resistance 1, electricity
resistance, torment resistance 1, petrification resistance
a: no special abilities


You were on level 2 of the Dungeon.
You visited 1 branch of the dungeon, and saw 3 of its levels.

You collected 71 gold pieces.

Inventory:

Hand Weapons
 a - a +1 war axe (weapon)
Armour
 b - a +0 scale mail (worn)
 c - a +0 kite shield (worn)
Scrolls
 f - a scroll of amnesia
Potions
 d - a potion of might
 g - 2 potions of heal wounds {unknown}
 h - a potion of haste {unknown}
 i - a potion of berserk rage {unknown}


   Skills:
 + Level 3.7 Fighting
 + Level 2.8 Axes
 + Level 3.9 Armour
 + Level 0.5 Dodging
 + Level 3.9 Shields


You had 3 spell levels left.
You didn't know any spells.
Your spell library contained the following spells:

 Spells                   Type           Power      Damage    Failure   Level
 Shock                    Conj/Air       0%         1d3       99%         1
 Swiftness                Air            0%         N/A       100%        3
 Airstrike                Air            0%         N/A       100%        4


Dungeon Overview and Level Annotations

Branches:
Dungeon (3/15)

Altars:
Gozag
Uskayaw


Innate Abilities, Weirdness & Mutations

You are immune to sickness and miasma.
Your stone body is resilient. (AC +3)
You are immune to poison.
You resist negative energy. (rN+)
You are resistant to electric shocks. (rElec)
You are resistant to unholy torment.
You are immune to petrification.


Message History

You feel better.
The orc wizard hits you but does no damage.
You hit the orc wizard.
The orc wizard is moderately wounded.
The orc wizard hits you but does no damage. x2
You hit the orc wizard.
The orc wizard is heavily wounded.
The orc wizard hits you but does no damage.
You hit the orc wizard.
The orc wizard is severely wounded.
The orc wizard hits you but does no damage.
The orc wizard gestures wildly while chanting.
The orc wizard flickers and vanishes!
Deactivating autopickup; reactivate with Ctrl-A.
You miss something. Something hits you but does no damage.
You miss something. Something hits you but does no damage.
You hear some strange, mumbled words.
Something tries to affect you, but you resist.
You feel better. Something hits you but does no damage.
You miss something.
You hear some strange, mumbled words.
A magic dart appears from out of thin air!
The magic dart hits you.
You hit something but do no damage.
You hear some strange, mumbled words.
A puff of flame appears from out of thin air!
The puff of flame hits you but does no damage.
You hear some strange, mumbled words.
A magic dart appears from out of thin air!
The magic dart hits you.
Unknown command.
You barely miss something. Something hits you.
Unknown command.
You hit something.
You hear some strange, mumbled words.
A magic dart appears from out of thin air!
The magic dart hits you!
* * * LOW HITPOINT WARNING * * *
Something hits you.
You die...

#....# #.##.# #########...##
#....####.##.## #....#........
#....#........####....#.##...##
#....#........>).....(.........
#....#.......))###....#.#######
#....'................#.#######
#....#.........................
#....#.........####.#.#.#######
#....#.......{@# #.#.#.# #
#....#.........# #.#.#.# #
######.........# #.#.#.#######
#.......#.####.#..........
#............#.#..........
#......##.##.#.#..........
####.........#..#............
#........#####.####..........
#........)............#######


There were no monsters in sight!

Vanquished Creatures
  An adder (D:2)
  2 gnolls (D:2)
  2 orcs (D:2)
  6 ball pythons
  4 bats
  4 endoplasms (D:1)
  A giant cockroach (D:2)
  3 hobgoblins
  3 kobolds
  7 quokkas
  6 frilled lizards
  5 goblins
  9 rats
53 creatures vanquished.

Notes
Turn   | Place    | Note
-------+----------+-------------------------------------------
     0 | D:1      | bande the Gargoyle Fighter began the quest for the Orb.
     0 | D:1      | Reached XP level 1. HP: 14/14 MP: 1/1
   113 | D:1      | Found a faded altar of an unknown god.
   118 | D:1      | Reached XP level 2. HP: 19/19 MP: 2/2
   350 | D:1      | Reached XP level 3. HP: 23/23 MP: 3/3
   841 | D:1      | Found an opulent altar of Gozag.
  1773 | D:2      | Reached XP level 4. HP: 28/28 MP: 4/4
  2010 | D:3      | Found a hide-covered altar of Uskayaw.
  2014 | D:3      | Noticed a +0 dagger
  2014 | D:3      | Noticed a +0 dagger
  2334 | D:2      | Slain by an orc wizard

Illustrated notes

Levels and vault maps discovered:
D:1:      sevenhm_arrival_forest_fort_small_6, layout_loops_cross,
          ebering_ecumenical_altar_abandoned
D:2:      layout_basic
D:3:      layout_loops_ring, dancing_weapons_uskayaw, serial_shops,
          nicolae_shop_behind_doors

Skill      XL: |  1  2 |
---------------+-------+-----
Axes           | 2 |  2.8
Fighting       | |  3.7
Armour         | |  3.9
Dodging        | |  0.5
Shields        | |  3.9

Action                   |  1- 3 |  4- 6 || total
-------------------------+-------+-------++-------
Melee: War axe           |   150 |    64 ||   214
  Use: Scroll            |     6 |       ||     6
       Potion            |     2 |     2 ||     4
Armor: Scale mail        |    92 |    74 ||   166
Dodge: Dodged            |    60 |    15 ||    75
Block: Kite shield       |    66 |    16 ||    82

Table legend: (Time is in decaauts)
 A = Elapsed time spent in this place.
 B = Non-inter-level travel time spent in this place.
 C = Inter-level travel time spent in this place.
 D = Time resting spent in this place.
 E = Time spent auto-exploring this place.
 F = Levels seen in this place.
 G = Mean time per level.
                   A        B        C        D        E       F      G
               +--------+--------+--------+--------+--------+-----+--------+
         Total |   2466 |   2447 |     19 |    540 |   1315 |   3 |  822.0 |
       Dungeon |   2466 |   2447 |     19 |    540 |   1315 |   3 |  822.0 |
               +--------+--------+--------+--------+--------+-----+--------+

Top non-repeatable levels by time:
     D:2: 1376 daAuts
     D:1: 944 daAuts
     D:3: 145 daAuts
